Unix NetHack Version 5.0.0-0 post-release - last build May 17 2026 04:57:42 (dc50c8380fa5e20985bfe3072449f57b8d9895ef,branch:main).

Game began 2026-05-20 17:18:19, ended 2026-05-20 17:27:43.

ArrBianca, lawful female dwarven Cavewoman

                                                                      --------
                       ###############################################.......|
                       #--------------------------------        ######|.....<|
                       #|..............................|        #     |......|
                       #|.-------|-------------..-----          #     |......|
                      ##|.|    |..|           +..|...|                ------|-
                     ## |.|    |..|   |       |..|...|                     ##
                    ##  |.---- ----   -|-- ---|..-...|                    ##
                    #   |......|      |... |..|.-----|                    #
    ------          #   |.---- |  -- --... |..|.|....|                   ##
    |.....          #  #..|       -..{.....|..|.-.._.|                   #
    |........... #######|.|           .....--|-.|....|     ####         ##
    |.....              |.|              -......|....|        ##        #
    |                   |.|              |....--------  ##############  #
                        |.|              |....|{.|      #       #   -.--|--
                        |.|              |....| .|      #       #   |....%|
                        |.--+-----    ----....--e----- |#       ####|...>.|
                        |......................q@......|#          #-.....|
                        --------------------------------#           -------

ArrBianca the Aborigine  St:25 Dx:14 Co:20 In:7 Wi:9 Ch:6  Lawful
Dlvl:6  $:13 HP:0(44) Pw:10(10) AC:7  Xp:4 T:1695 

Latest messages:
 y - an uncursed acid blob corpse.
 x - an uncursed scroll labeled GNIK SISI VLE.
 i - an uncursed light brown spellbook.
 g - an uncursed orange spellbook.
 h - an uncursed dark potion.
 t - an uncursed wand called teleport.
 o - an uncursed wand called teleport.
 r - an uncursed flute.
 w - an uncursed blindfold.
 n - an uncursed blindfold.
 u - an uncursed black gem.
 v - an uncursed green gem.
 s - an uncursed violet gem.
 Are you sure you want to pray? [yn] (n) y
 You begin praying to Anu.
 You are surrounded by a shimmering light.
 You finish your prayer.
 You feel that Anu is well-pleased.
 Your club softly glows with a light blue aura.
 You stop.  The priest of Anu is in the way!
 You stop.  The priest of Anu doesn't want to swap places.
 The air crackles around the gnomish wizard.
 You kill the grid bug!
 You swap places with the peaceful gnomish wizard.
 The air crackles around the gnomish wizard.
 You swap places with the peaceful watchman.
 You swap places with the peaceful watchman.
 You hear a door open.
 You miss the floating eye.
 You are frozen by the floating eye's gaze!
 You hear bubbling water.
 The rothe hits!
 The rothe bites!
 The rothe bites again!
 The rothe hits!
 The rothe bites!
 The rothe bites again!
 The rothe hits!
 The rothe bites!
 The rothe bites again!
 The rothe hits!
 The rothe bites!
 The rothe bites again!
 The rothe hits!
 The rothe bites!
 The rothe bites again!
 The rothe hits!
 The rothe bites!
 You die...
 Do you want your possessions identified? [ynq] (y) q

Inventory:
 Coins    ('$')
  $ - 13 gold pieces
 Weapons  (')')
  k - 11 +0 ya
  b - a +2 sling (alternate weapon; not wielded)
  a - a blessed +1 club (weapon in left hand)
 Armor    ('[')
  f - an uncursed +0 pair of gauntlets of power (being worn)
  e - an uncursed +0 leather armor (being worn)
 Comestibles  ('%')
  l - an uncursed food ration
  y - an uncursed acid blob corpse
 Scrolls  ('?')
  x - an uncursed scroll of punishment
 Spellbooks  ('+')
  g - an uncursed spellbook of cancellation
  i - an uncursed spellbook of chain lightning
 Potions  ('!')
  h - an uncursed potion of gain ability
 Wands    ('/')
  t - a wand of teleportation (0:8)
  o - a wand of teleportation (0:4)
 Tools    ('(')
  r - an uncursed wooden flute
  n - an uncursed blindfold
  w - an uncursed blindfold
  m - an uncursed brass lantern
 Gems/Stones  ('*')
  s - an uncursed amethyst stone
  v - an uncursed emerald
  u - an uncursed worthless piece of black glass
  c - 13 uncursed flint stones (in quiver pouch)
  d - 23 uncursed rocks

ArrBianca the Cavewoman's attributes:

Background:
 You were an Aborigine, a level 4 dwarven Cavewoman.
 You were lawful, on a mission for Anu
 who was opposed by Ishtar (neutral) and Anshar (chaotic).
 You were left-handed.
 You were in the Gnomish Mines, on level 6.
 You entered the dungeon 1695 turns ago.
 You had 96 experience points, 64 more were needed to attain level 5.

Basics:
 You had 0 out of 44 hit points.
 You had all 10 energy points (spell power).
 Your armor class was 7.
 Your wallet contained 13 zorkmids.
 Autopickup was on for '$?!/="+%' plus thrown, with exceptions.

Final Characteristics:
 Your strength was 25 (base:18/01, innate limit:18/100).
 Your dexterity was 14 (limit:20).
 Your constitution was 20 (limit:20).
 Your intelligence was 7 (limit:16).
 Your wisdom was 9 (limit:16).
 Your charisma was 6 (limit:16).

Final Status:
 You weren't hungry.
 You were unencumbered.
 You were wielding a club.
 You had basic skill with club.

Final Attributes:
 You were devoutly aligned.
 You had infravision.
 You were warded.
 You are dead.

Miscellaneous:
 You didn't encounter any bones levels.
 Total elapsed playing time was 9 minutes and 24 seconds.

Major events:
 Turn
    1: ArrBianca the lawful dwarven Cavewoman entered the dungeon
  661: entered the Gnomish Mines
  936: attained the rank of Aborigine (level 3)
 1512: reached Mine Town
 1695: killed by a rothe, while frozen by a floating eye's gaze

You didn't know any spells.

Skills:
 Fighting Skills
   bare handed combat [Basic]
 Weapon Skills
   dagger             [Unskilled]
   knife              [Unskilled]
   axe                [Unskilled]
   pick-axe           [Unskilled]
   club               [Basic]
   mace               [Unskilled]
   morning star       [Unskilled]
   flail              [Unskilled]
   hammer             [Unskilled]
   quarterstaff       [Unskilled]
   polearms           [Unskilled]
   spear              [Unskilled]
   trident            [Unskilled]
   bow                [Unskilled]
   sling              [Basic]
   boomerang          [Unskilled]
   unicorn horn       [Unskilled]
 Spellcasting Skills
   attack spells      [Unskilled]
   matter spells      [Unskilled]

Voluntary challenges:
 Character rerolling was not enabled.
 You never had a pet.
 You never genocided any monsters.
 You never polymorphed an object.
 You never changed form.
 You used no wishes.
Achievements:
 You entered the Gnomish Mines.
 You attained the rank of Aborigine.
 You entered Minetown.
 You entered a temple.

 The Dungeons of Doom: levels 1 to 2
    Level 1:
       A fountain.
    Level 2:
       Stairs down to The Gnomish Mines.
 The Gnomish Mines: levels 3 to 6
    Level 3:
    Level 4:
    Level 5:
    Level 6: <- You were here.
       A temple and an altar to Anu, a fountain, a sink.
       Final resting place for
          you, killed by a rothe, while frozen by a floating eye's gaze.


Vanquished creatures:
  5 monkeys
  2 acid blobs
  a hobgoblin
  a giant rat
  a cave spider
  a green mold
  3 gnomes
  a gecko
  a jackal
  a fox
  3 goblins
  9 grid bugs
  2 lichens
  2 newts
33 creatures vanquished.

No species were genocided or became extinct.

Game over:
                       ----------
                      /          \
                     /    REST    \
                    /      IN      \
                   /     PEACE      \
                  /                  \
                  |    ArrBianca     |
                  |      13 Au       |
                  |   killed by a    |
                  |      rothe       |
                  |                  |
                  |                  |
                  |       2026       |
                 *|     *  *  *      | *
        _________)/\\_//(\/(/\)/\//\/|_)_______

Goodbye ArrBianca the Cavewoman...

You died in The Gnomish Mines on dungeon level 6 with 646 points,
and 13 pieces of gold, after 1695 moves.
You were level 4 with a maximum of 44 hit points when you died.

